 Dungeon Crawl Stone Soup version 0.27-a0-328-g7f782ed93a (webtiles) character file.

Game seed: 11866716178428749569

4 CurlyBrace the Caller (level 1, 8/8 HPs)
             Began as a Felid Summoner on Feb 11, 2021.
             Quit the game on level 3 of the Dungeon.
             The game lasted 00:01:09 (161 turns).

CurlyBrace the Caller (Felid Summoner)               Turns: 161, Time: 00:01:10

Health: 8/8        AC:  1    Str:  4    XL:     1   Next: 58%
Magic:  3/4        EV: 18    Int: 16    God:
Gold:   40         SH:  0    Dex: 16    Spells: 3/4 levels left
                                        Lives:  0   Deaths: 0

rFire    . . .     SeeInvis +   (weapon unavailable)
rCold    . . .     Faith    .   (shield unavailable)
rNeg     . . .     Spirit   .   (armour unavailable)
rPois    .         Reflect  .   (helmet unavailable)
rElec    .         Harm     .   (cloak unavailable)
rCorr    .         Rampage  .   (gloves unavailable)
Will     .....                  (boots unavailable)
Stlth    +++.......             (no amulet)
HPRegen  0.02/turn              (no ring)
MPRegen  0.09/turn              (no ring)

@: berserk cooldown, slowed, slow
A: very small, no armour, no weapons or thrown items, stealth, claws 1, fangs 3,
see invisible, speed 1, shaggy fur 1, sharp paws
a: no special abilities


You were on level 3 of the Dungeon.
You visited 1 branch of the dungeon, and saw 3 of its levels.

You collected 40 gold pieces.

Inventory:

Scrolls
 r - 3 scrolls of identify


   Skills:
 * Level 0.5 Fighting
 + Level 2.8 Dodging
 + Level 2.8 Stealth
 * Level 0.4 Unarmed Combat
 - Level 2.0 Spellcasting
 - Level 4.0 Summonings


You had 3 spell levels left.
You knew the following spells:

 Your Spells              Type           Power        Failure   Level
a - Summon Small Mammal   Summ           56%          4%          1

Your spell library contained the following spells:

 Spells                   Type           Power        Failure   Level
 Call Imp                 Summ           14%          6%          2
 Call Canine Familiar     Summ           14%          12%         3
 Summon Guardian Golem    Hex/Summ       8%           26%         3
 Summon Ice Beast         Ice/Summ       8%           65%         4
 Summon Lightning Spire   Summ/Air       8%           65%         4


Dungeon Overview and Level Annotations

Branches:
Dungeon (3/15)

Altars:

Annotations:
D:3 Grinder


Innate Abilities, Weirdness & Mutations

You cannot wear armour.
You are incapable of wielding weapons or throwing items.
Your paws allow you to move quietly. (Stealth)
You have sharp claws.
You have razor-sharp teeth.
You have supernaturally acute eyesight. (SInv)
You cover ground quickly.
You are covered in fur. (AC +1)
Your sharp claws are effective at attacking unaware monsters.


Message History

A rat comes into view.
The rat moves out of view. 2 kobolds come into view.
The kobold moves out of view.
Found a fizzy puce potion.
You see here a fizzy puce potion.
It was a potion of berserk rage.
A red film seems to cover your vision as you go berserk!
You feel yourself moving faster!
You feel mighty!
The kobold shouts!
You hear an angry hiss.
You hear a shout!
You claw the kobold!
You kill the kobold!
You scratch the kobold. You bite the kobold.
You kill the kobold!
No target in view!
A gnoll comes into view. It is wielding a +0 whip.
You feel a strong urge to attack something.
You feel your anger nearly subside.
A frilled lizard comes into view.
You are no longer berserk.
You are exhausted.
You feel yourself slow down.
The kobold shouts!
The frilled lizard hisses angrily.
You hear a shout!
A rat comes into view.
As you read the scroll labelled JIMASH GOUTEQI, it crumbles to dust.
It is a scroll of identify.
You don't have any unidentified items.
r - 3 scrolls of identify A gnoll comes into view.
It is wielding a +0 halberd.
Unknown command.
Casting: Summon Small Mammal (safe; 4% risk of failure)
Confirm with . or Enter, or press ? or * to list all spells.
You don't know that spell.
Casting: Summon Small Mammal (safe; 4% risk of failure)
Confirm with . or Enter, or press ? or * to list all spells.
The gnoll barely misses you. The gnoll hits you but does no damage.
Unknown command.
Your rat closely misses the gnoll.
Okay, then.
Are you sure you want to abandon this character and quit the game? (Confirm with "yes".)

#.# #.# .. ..#
#.. #g# #.. #.#
#...#l# #.#.#r#.#
#......K##
#....r.g#
#.##.##@# #.##.#
# #.##5#
#.##$##.#
#.......#
####.#####
$###...K..#
#......###.######
#####.#.........#


You could see Grinder, 2 gnolls, a kobold, a frilled lizard, a rat and a
friendly rat (summoned).

Vanquished Creatures
  A hobgoblin (D:1)
  A frilled lizard (D:1)
  2 kobolds (D:3)
  A rat (D:1)
5 creatures vanquished.

Notes
Turn   | Place    | Note
-------+----------+-------------------------------------------
     0 | D:1      | CurlyBrace the Felid Summoner began the quest for the Orb.
     0 | D:1      | Reached XP level 1. HP: 7/7 MP: 4/4
   131 | D:3      | Noticed Grinder
   161 | D:3      | Quit the game

Illustrated notes

Levels and vault maps discovered:
D:1:      dpeg_arrival_rooms_with_view, layout_basic
D:2:      layout_loops_cross, grunt_gozag_statues,
          wander_ebering_terrifying_dragon_lair
D:3:      layout_loops_cross, doesnt_xom_only_xom, portal_sewer_entry_b,
          uniq_grinder

Action                   || total
-------------------------++-------
Melee: Unarmed           ||    15
       Bite              ||     2
 Cast: Summon Small Mamm ||     1
  Use: Scroll            ||     2
       Potion            ||     1
Armor: Skin              ||     3
Dodge: Dodged            ||    10

Table legend: (Time is in decaauts)
 A = Elapsed time spent in this place.
 B = Non-inter-level travel time spent in this place.
 C = Inter-level travel time spent in this place.
 D = Time resting spent in this place.
 E = Time spent auto-exploring this place.
 F = Levels seen in this place.
 G = Mean time per level.
                   A        B        C        D        E       F      G
               +--------+--------+--------+--------+--------+-----+--------+
         Total |    137 |    137 |      0 |      0 |      0 |   3 |   45.7 |
       Dungeon |    137 |    137 |      0 |      0 |      0 |   3 |   45.7 |
               +--------+--------+--------+--------+--------+-----+--------+

Top non-repeatable levels by time:
     D:1: 81 daAuts
     D:2: 28 daAuts
     D:3: 27 daAuts
